 Dungeon Crawl Stone Soup version 0.31-a0-702-gf82c85558f (webtiles) character file.

Game seed: 13882997389781313596

260 Essalna the Conjurer (level 5, -2/37 HPs)
             Began as a Demonspawn Conjurer on Sept 8, 2023.
             Killed by nerve-wracking pain
             ... invoked by an orc priest
              (10 damage)
             ... on level 4 of the Dungeon.
             The game lasted 00:07:50 (4313 turns).

Essalna the Conjurer (Demonspawn Conjurer)          Turns: 4313, Time: 00:07:50

Health: -2/37      AC:  2    Str:  7    XL:     5   Next: 95%
Magic:  9/11       EV: 12    Int: 26    God:
Gold:   114        SH:  0    Dex: 11    Spells: 9/12 levels left

rFire   . . .        q - +0 flail (protect)
rCold   . . .        (no shield)
rNeg    . . .        a - +0 robe
rPois   .            (no helmet)
rElec   .            (no cloak)
rCorr   .            (no gloves)
SInv    .            (no boots)
Will    .....        (no amulet)
Stlth   ++           (no ring)
HPRegen 0.26/turn    (no ring)
MPRegen 0.12/turn

%: no passive effects
@: no status effects
A: powered by pain 1, big brain 2
a: no special abilities


You were on level 4 of the Dungeon.
You visited 1 branch of the dungeon, and saw 4 of its levels.
You also visited: Ossuary.

You collected 114 gold pieces.

Inventory:

Hand Weapons
 d - a +0 dagger
 q - a +0 flail of protection (weapon)
Missiles
 r - a throwing net
Armour
 a - a +0 robe (worn)
Jewellery
 g - an amulet of guardian spirit
 o - a ring of resist corrosion
Wands
 s - a wand of roots (13)
Scrolls
 c - a scroll of poison {unknown}
 h - 4 scrolls of amnesia {unknown}
 l - 2 scrolls of identify {unknown}
 m - a scroll of torment {unknown}
 p - a scroll of enchant weapon {unknown}
 u - a scroll of fear {unknown}
Potions
 b - 2 potions of magic
 e - 2 potions of curing {unknown}
 f - a potion of heal wounds {unknown}
 i - a potion of lignification {unknown}
 j - a potion of invisibility {unknown}
 k - 2 potions of berserk rage {unknown}
 n - a potion of ambrosia {unknown}
 t - a potion of resistance {unknown}
 v - a potion of mutation {unknown}


   Skills:
 + Level 1.3 Fighting
 - Level 1.7 Dodging
 - Level 1.7 Stealth
 - Level 4.0 Spellcasting
 + Level 5.8 Conjurations


You had 9 spell levels left.
You knew the following spells:

 Your Spells              Type           Power      Damage    Failure   Level
a - Magic Dart            Conj           100%       1d8       1%          1
b - Searing Ray           Conj           70%        2d7       1%          2

Your spell library contained the following spells:

 Spells                   Type           Power      Damage    Failure   Level
 Dazzling Flash           Conj/Hex       40%        N/A       8%          3
 Summon Small Mammal      Summ           20%        N/A       9%          1
 Call Canine Familiar     Summ           5%         N/A       26%         3
 Summon Guardian Golem    Hex/Summ       5%         N/A       26%         3
 Fulminant Prism          Conj/Hex       10%        3d9       26%         4
 Iskenderun's Mystic Bla  Conj/Tloc      20%        2d6       26%         4


Dungeon Overview and Level Annotations

Branches:
Dungeon (4/15)            Ossuary (visited)
 Temple: D:4-7

Altars:
Wu Jian
Xom

Shops:
D:2 :


Innate Abilities, Weirdness & Mutations

You sometimes gain a little power by taking damage.
You have an extremely huge brain. (Int +4)


Message History

The orc priest calls down the wrath of Beogh upon you.
Beogh smites you!
You focus on the pain.
You feel your power returning.
You are too injured to fight recklessly!
Casting: Magic Dart (safe; 1% risk of failure)
Confirm with . or Enter, or press ? or * to list all spells.
Aiming: Searing Ray (safe; 1% risk of failure)
Press: ? - help, Shift-Dir - straight line, f/p - orc priest
Aim: an orc priest, wielding a +0 hand axe and wearing a +0 chain mail (lightly wounded, 86% to hit)
The searing ray hits the orc priest but does no damage.
The orc priest is lightly wounded. (Press . to maintain the ray.)
The orc priest looks braver for a moment.
The searing ray hits the orc priest.
The orc priest is lightly wounded.
The searing ray hits the orc priest but does no damage.
The orc priest is lightly wounded.
The searing ray hits the orc priest but does no damage.
The orc priest is lightly wounded.
You finish channelling your searing ray.
The orc priest barely misses you.
Casting: Searing Ray (safe; 1% risk of failure)
Confirm with . or Enter, or press ? or * to list all spells.
Aiming: Searing Ray (safe; 1% risk of failure)
Press: ? - help, Shift-Dir - straight line, f/p - orc priest
Aim: an orc priest, wielding a +0 hand axe and wearing a +0 chain mail (lightly wounded, 86% to hit)
The searing ray hits the orc priest!
The orc priest is severely wounded. (Press . to maintain the ray.)
The orc priest hits you with a +0 hand axe.
The searing ray hits the orc priest but does no damage.
The orc priest is severely wounded.
The orc priest invokes the aid of Beogh against you.
Pain shoots through your body!
* * * LOW HITPOINT WARNING * * *
You focus on the pain.
You feel your power returning.
The searing ray hits the orc priest.
The orc priest is severely wounded.
The orc priest calls down the wrath of Beogh upon you.
Pain shoots through your body!
You die...

.... #.##.# ....
##.##.### !....
#.......# .....
##.#...#.# ......
#....#...#
#.....#####
#...###..##
#.o.......#
#..##.#'..# #o#
#.##...##.. #@#
#..##.##..# #)#
##..###..## #)#
##..#....# #.#
#....##.. #.#
#..#..... #.#
##.....#.
#.###########.#.#.
#.............<...
#############...##


You could see an orc priest.

Vanquished Creatures
  An orc wizard (D:4)
  A mummy (Ossuary)
  10 gnolls
  3 adders
  3 worms (D:3)
  A dart slug (D:1)
  An orc (D:4)
  2 spectral bats (Ossuary)
  5 ball pythons
  3 endoplasms
  2 giant cockroaches
  12 gnoll zombies (Ossuary)
  3 hobgoblins (D:2)
  4 bats
  A bat simulacrum (Ossuary)
  2 frilled lizards
  4 goblins
  4 goblin simulacra (Ossuary)
  4 goblin zombies (Ossuary)
  2 hobgoblin zombies (Ossuary)
  6 kobolds
  2 kobold simulacra (Ossuary)
  9 kobold zombies (Ossuary)
  3 orc zombies (Ossuary)
  3 rats (D:2)
  A rat simulacrum (Ossuary)
  3 spectral goblins (Ossuary)
  6 spectral kobolds (Ossuary)
  3 spectral rats (Ossuary)
  2 butterflies (D:3)
106 creatures vanquished.

Notes
Turn   | Place    | Note
-------+----------+-------------------------------------------
     0 | D:1      | Essalna the Demonspawn Conjurer began the quest for the
                  | Orb.
     0 | D:1      | Reached XP level 1. HP: 13/13 MP: 3/3
   237 | D:1      | Gained mutation: You have an unusually large brain. (Int
                  | +2) [demonic ancestry]
   237 | D:1      | Reached XP level 2. HP: 19/19 MP: 3/5
   282 | D:1      | Found a faded altar of an unknown god.
  1145 | D:2      | Gained mutation: You have an extremely huge brain. (Int +4)
                  | [demonic ancestry]
  1145 | D:2      | Reached XP level 3. HP: 24/24 MP: 2/7
  1497 | D:2      | Found Hewnul's Book Shop.
  1573 | D:2      | Found an ornate altar of the Wu Jian Council.
  1770 | D:2      | Gained mutation: You sometimes gain a little power by
                  | taking damage. [demonic ancestry]
  1770 | D:2      | Reached XP level 4. HP: 30/30 MP: 6/8
  1956 | D:2      | Reached skill level 5 in Conjurations
  2278 | D:3      | Learned a level 2 spell: Searing Ray
  2596 | D:3      | Reached XP level 5. HP: 35/35 MP: 5/10
  2841 | D:3      | Found a shimmering altar of Xom.
  3445 | D:4      | Found a sand-covered staircase.
  3450 | Ossuary  | Entered an ossuary
  4196 | Ossuary  | Reached skill level 1 in Fighting
  4313 | D:4      | Killed from afar by an orc priest

Illustrated notes

Levels and vault maps discovered:
D:1:      dpeg_arrival_rooms_b, layout_basic,
          shapermc_ecumenical_altar_totnotflames
D:2:      minmay_skewed_foursquare, layout_loops_ring, serial_shops,
          nicolae_shop_stone, basic_altar
D:3:      layout_basic, xom_butterflies, hex_intersection
D:4:      layout_basic, mainiacjoe_overflow_small_starburst,
          mainiacjoe_overflow_boulevard, enter_ossuary_5

Skill      XL: |  1  2  3  4  5 |
---------------+----------------+-----
Spellcasting   | 3 4 |  4.0
Conjurations   | 5 |  5.8
Fighting       | 1 |  1.3
Dodging        | |  1.7
Stealth        | |  1.7

Action                     |  1- 3 |  4- 6 || total
---------------------------+-------+-------++-------
  Melee: Dagger            |    10 |       ||    10
         Flail             |       |    66 ||    66
   Cast: Magic Dart        |    54 |   107 ||   161
         Searing Ray       |       |    12 ||    12
   Stab: Sleeping          |       |     1 ||     1
 Armour: Robe              |     4 |    48 ||    52
  Dodge: Dodged            |     7 |    56 ||    63

Table legend: (Time is in decaauts)
 A = Elapsed time spent in this place.
 B = Non-inter-level travel time spent in this place.
 C = Inter-level travel time spent in this place.
 D = Time resting spent in this place.
 E = Time spent auto-exploring this place.
 F = Levels seen in this place.
 G = Mean time per level.
                   A        B        C        D        E       F      G
               +--------+--------+--------+--------+--------+-----+--------+
         Total |   4338 |   4240 |     98 |     92 |   3656 |   5 |  867.6 |
       Dungeon |   3538 |   3440 |     98 |     92 |   3032 |   4 |  884.5 |
       Ossuary |    799 |    799 |      0 |      0 |    624 |   1 |  799.0 |
               +--------+--------+--------+--------+--------+-----+--------+

Top non-repeatable levels by time:
     D:3: 1304 daAuts
     D:2: 1194 daAuts
     D:1: 937 daAuts
 Ossuary: 799 daAuts
     D:4: 102 daAuts
